 Dungeon Crawl Stone Soup version 0.21.1-1-g345015fe64 (webtiles) character file.

420 Oravi the Insei (level 6, 0/44 HPs)
             Began as a Merfolk Transmuter on Apr 10, 2018.
             Killed from afar by an orc wizard (7 damage)
             ... with a magic dart
             ... on level 4 of the Dungeon.
             The game lasted 00:15:08 (3751 turns).

Oravi the Insei (Merfolk Transmuter)                Turns: 3751, Time: 00:15:13

Health: 0/44       AC:  2    Str: 10    XL:     6   Next: 94%
Magic:  6/9        EV: 23    Int: 15    God:
Gold:   171        SH:  0    Dex: 19    Spells: 3/9 levels left

rFire    . . .     SeeInvis .     - Unarmed
rCold    . . .     Gourm    .   (shield currently unavailable)
rNeg     . . .     Faith    .   (armour currently unavailable)
rPois    x         Spirit   .   (helmet currently unavailable)
rElec    .         Reflect  .   (cloak currently unavailable)
rCorr    .         Harm     .   (gloves currently unavailable)
MR       .....                  (boots currently unavailable)
Stlth    ++........             (no amulet)
HPRegen  0.14/turn              (no ring)
MPRegen  0.11/turn              (no ring)

@: spider-form, slowed, very slow
A: tiny, (change form in water), (swift swim), (stealthy swim)
a: End Transformation


You were on level 4 of the Dungeon.
You were not hungry.
You were a venomous arachnid creature.
You visited 1 branch of the dungeon, and saw 4 of its levels.
You also visited: Sewer.

You collected 171 gold pieces.

Inventory:

Missiles
 a - 59 arrows
Armour
 b - a +1 robe (melded)
 e - a +2 hat of intelligence (melded)
 u - a +0 pair of boots (melded)
Scrolls
 f - 3 scrolls of remove curse
 g - 3 scrolls of magic mapping
 k - a scroll of fear
 p - a scroll of blinking
 r - 2 scrolls of amnesia
 x - 2 scrolls of enchant armour
Potions
 h - a potion of berserk rage {unknown}
 j - a potion of ambrosia {unknown}
 l - 3 potions of heal wounds {unknown}
 m - a potion of curing
 n - a potion of lignification {unknown}
 o - 3 potions of brilliance {unknown}
 q - a potion of might {unknown}
 v - a potion of haste {unknown}
 w - a potion of mutation {unknown}
Books
 c - a book of Changes

   Spells                             Type                      Level
   a - Beastly Appendage              Transmutation                1
   b - Sticks to Snakes               Transmutation                2
   c - Spider Form                    Transmutation/Poison         3
   d - Ice Form                       Ice/Transmutation            4
   e - Blade Hands                    Transmutation                5
Comestibles
 d - 13 rations
 i - 3 chunks of flesh


   Skills:
 + Level 1.7 Fighting
 + Level 4.2 Dodging
 + Level 6.0 Unarmed Combat
 - Level 2.0 Spellcasting
 * Level 5.3 Transmutations
 * Level 2.3 Poison Magic


You had 3 spell levels left.
You knew the following spells:

 Your Spells              Type           Power        Failure   Level  Hunger
a - Beastly Appendage     Tmut           ###...       10%         1    #......
b - Sticks to Snakes      Tmut           ###.....     12%         2    ###....
c - Spider Form           Tmut/Pois      ##........   32%         3    ###....


Dungeon Overview and Level Annotations

Branches:
Dungeon (4/15)
 Temple: D:4-7

Altars:


Message History

Confirm with . or Enter, or press ? or * to list all spells.
You turn into a venomous arachnid creature.
Your +2 hat of intelligence melds into your body.
Your +0 pair of boots melds into your body.
Your +1 robe melds into your body.
You feel stupid. The orc closely misses you.
The orc wizard casts a spell.
The orc wizard blinks!
The orc closely misses you.
The orc wizard mumbles some strange words.
The orc wizard blinks!
You feel better. The orc barely misses you.
You hit the orc.
You kill the orc!
The orc wizard casts a spell at you. The magic dart hits you!
* * * LOW HITPOINT WARNING * * *
The orc wizard casts a spell at you. The magic dart hits you!
You die...

#.#......####
#.....##.# #
#####.#.##.# ##
#..........###.
#.###..........
#.# ##########<
# #.# ##
#####.#####.# #
.....o.)s)..#
......#######
#.###


You could see an orc wizard.

Vanquished Creatures
  A scorpion (D:4)
  A crimson imp (D:3)
  An orc wizard (D:4)
  Jessica (D:3)
  A bullfrog skeleton (D:4)
  2 worker ants (D:4)
  3 gnolls (D:3)
  4 adders
  2 oozes
  7 worms
  7 dart slugs
  A leopard gecko (D:3)
  4 orcs
  6 giant cockroaches
  7 goblins
  4 hobgoblins
  9 jackals
  8 kobolds
  A quokka (D:4)
  2 ball pythons
  10 bats
  12 frilled lizards
  19 rats
113 creatures vanquished.

Notes
Turn   | Place    | Note
-------+----------+-------------------------------------------
     0 | D:1      | Oravi the Merfolk Transmuter began the quest for the Orb.
     0 | D:1      | Reached XP level 1. HP: 15/15 MP: 3/3
   313 | D:1      | Reached XP level 2. HP: 17/21 MP: 3/5
   633 | D:1      | Reached XP level 3. HP: 26/26 MP: 4/6
   640 | D:1      | Learned a level 2 spell: Sticks to Snakes
   644 | D:1      | Learned a level 3 spell: Spider Form
  1007 | D:2      | Reached skill level 4 in Unarmed Combat
  1210 | D:2      | Reached XP level 4. HP: 29/32 MP: 7/7
  1621 | D:2      | Reached skill level 1 in Poison Magic
  2012 | D:3      | Noticed Jessica
  2026 | D:3      | Killed Jessica
  2031 | D:3      | Reached XP level 5. HP: 23/37 MP: 5/8
  2049 | D:3      | Found a glowing drain.
  2143 | Sewer    | Entered a sewer
  2961 | D:3      | Reached skill level 5 in Unarmed Combat
  2993 | D:3      | Reached XP level 6. HP: 44/44 MP: 6/9
  3431 | D:4      | Reached skill level 5 in Transmutations
  3746 | D:4      | Reached skill level 6 in Unarmed Combat
  3751 | D:4      | Killed from afar by an orc wizard

Skill      XL: |  1  2  3  4  5  6 |
---------------+-------------------+-----
Dodging        | 3 4 |  4.2
Transmutations | 3 4 5 |  5.3
Unarmed Combat | 4 5 6 |  6.0
Poison Magic   | 1 2 |  2.3
Fighting       | |  1.7
Spellcasting   | |  2.0

Action                   |  1- 3 |  4- 6 || total
-------------------------+-------+-------++-------
Melee: Unarmed           |   115 |   223 ||   338
       Headbutt          |    13 |    11 ||    24
       Punch             |       |     1 ||     1
 Cast: Beastly Appendage |    20 |    21 ||    41
       Spider Form       |       |    19 ||    19
  Use: Scroll            |     6 |     4 ||    10
       Potion            |       |     1 ||     1
 Stab: Sleeping          |       |     2 ||     2
  Eat: Chunk             |     1 |    12 ||    13
Armor: Robe              |    37 |    24 ||    61
       Skin              |       |    10 ||    10
Dodge: Dodged            |    66 |   189 ||   255
